 Dungeon Crawl Stone Soup version 0.20-a0-277-g7db01f4 (webtiles) character file.

679 Havercy the Shield-Bearer (level 7, 0/54 HPs)
             Began as a Mummy Fighter on Dec 13, 2016.
             Splashed by a jelly's acid (10 damage)
             ... on level 6 of the Dungeon.
             The game lasted 00:07:05 (4851 turns).

Havercy the Shield-Bearer (Mummy Fighter)           Turns: 4851, Time: 00:07:06

Health: 0/54       AC:  6    Str: 21    XL:     7   Next: 34%
Magic:  7/7        EV:  6    Int:  7    God:    Xom [.*....]
Gold:   251        SH: 10    Dex: 12    Spells: 6/6 levels left

rFire  x . .     SeeInvis +     m - +1 dagger (chaos)
rCold  + . .     Gourm    .     g - +0 chain mail
rNeg   + + +     Faith    .     c - +0 shield
rPois  ∞         Spirit   .     i - +0 helmet
rElec  .         Reflect  .     (no cloak)
rCorr  .         Harm     .     (no gloves)
MR     .....                    (no boots)
Stlth  ..........               (no amulet)
                                (no ring)
                                j - ring of see invisible

@: corroded
A: no food or potions, fire vulnerability, cold resistance 1, negative energy
resistance 3, torment resistance, unbreathing
a: Renounce Religion


You were on level 6 of the Dungeon.
You worshipped Xom.
You were a plaything of Xom.
You were not hungry.

You visited 1 branch of the dungeon, and saw 6 of its levels.

You collected 251 gold pieces.

Inventory:

Hand Weapons
 a - a +0 long sword
 m - a +1 dagger of chaos (weapon)
Armour
 b - a +0 scale mail
 c - a +0 shield (worn)
 g - a +0 chain mail (worn)
 i - a +0 helmet (worn)
Jewellery
 j - a ring of see invisible (left hand)
Wands
 d - a wand of disintegration (6/24)
 e - a wand of flame (21/48)
Scrolls
 f - a scroll of teleportation
 h - 3 scrolls of identify
 k - 2 scrolls of amnesia
 l - 3 scrolls of random uselessness


   Skills:
 + Level 4.2 Fighting
 + Level 1.2(2.9) Short Blades
 - Level 4.1(4.3) Long Blades
 + Level 3.1 Armour
 + Level 1.3 Dodging
 + Level 4.4 Shields


You had 6 spell levels left.
You didn't know any spells.

Dungeon Overview and Level Annotations

Branches:
Dungeon (5/15)
 Temple: D:4-7

Altars:
Cheibriados
Xom


Innate Abilities, Weirdness & Mutations

You do not eat or drink.
Your flesh is vulnerable to fire.
You are immune to poison.
Your flesh is cold resistant. (rC+)
You are immune to negative energy. (rN+++)
You are immune to unholy pain and torment.
You can survive without breathing.


Message History

You are too injured to fight recklessly!
There is a shaft here.
You fall through a shaft!
The shaft crumbles and collapses.
A jelly comes into view.
The jelly quivers.
Unknown command.
A jelly is nearby!
You hit the jelly. You freeze the jelly.
Your hands burn!
* * * LOW HITPOINT WARNING * * *
The jelly is moderately wounded.
The jelly hits you but does no damage.
You hit the jelly. You burn the jelly.
Your hands burn!
* * * LOW HITPOINT WARNING * * *
The jelly is heavily wounded.
The jelly hits you.
* * * LOW HITPOINT WARNING * * *
The acid corrodes you!
You are splashed with acid!
The acid burns!
You die...
Xom roars with laughter!

.. .# .##
# ..# .#
..#..#
##...#...
#......#
#J#..#.#
#@# ....
#.# .##.
#.# ..
..# ##
####


You could see a jelly.

Vanquished Creatures
  2 scorpions (D:5)
  5 crimson imps
  A bullfrog skeleton (D:4)
  A hound (D:5)
  An orc wizard (D:3)
  Jessica (D:3)
  Ijyb (D:3)
  2 worker ants (D:4)
  3 adders (D:3)
  6 gnolls
  An ooze (D:4)
  An adder zombie (D:5)
  2 worms
  2 dart slugs
  6 leopard geckos
  8 orcs
  5 giant cockroaches
  6 goblins
  5 hobgoblins
  2 jackals (D:2)
  7 quokkas
  2 ball pythons (D:4)
  8 bats
  5 frilled lizards
  A jackal skeleton (D:4)
  5 kobolds
  8 rats
97 creatures vanquished.

Vanquished Creatures (others)
  A crimson imp (D:4)
1 creature vanquished.

Grand Total: 98 creatures vanquished

Notes
Turn   | Place    | Note
-------+----------+-------------------------------------------
     0 | D:1      | Havercy the Mummy Fighter began the quest for the Orb.
     0 | D:1      | Reached XP level 1. HP: 18/18 MP: 1/1
   437 | D:1      | Reached XP level 2. HP: 12/24 MP: 2/2
  1394 | D:2      | Reached XP level 3. HP: 29/29 MP: 3/3
  2391 | D:1      | Reached XP level 4. HP: 30/35 MP: 4/4
  2607 | D:3      | Noticed Ijyb
  2621 | D:3      | Killed Ijyb
  2621 | D:3      | Reached skill level 1 in Dodging
  2621 | D:3      | Reached XP level 5. HP: 27/41 MP: 5/5
  2809 | D:3      | Found a snail-covered altar of Cheibriados.
  2809 | D:3      | Noticed Jessica
  2812 | D:3      | Killed Jessica
  3523 | D:4      | Reached XP level 6. HP: 41/48 MP: 6/6
  3801 | D:4      | Found a shimmering altar of Xom.
  4440 | D:4      | Became a worshipper of Xom of Chaos
  4615 | D:4      | XOM: harmless Ice miscast
  4642 | D:5      | Entered Level 5 of the Dungeon
  4678 | D:5      | Reached XP level 7. HP: 53/53 MP: 7/7
  4696 | D:5      | XOM: confuse monster(s)
  4745 | D:5      | XOM: cast spell 'Summon Butterflies'
  4755 | D:5      | Reached skill level 1 in Short Blades
  4764 | D:5      | XOM: noise
  4820 | D:5      | XOM: noise
  4845 | D:5      | You fall through a shaft!
  4851 | D:6      | Splashed by a jelly's acid

Vault maps used:
D:1:      minmay_arrival_split_and_join
D:3:      lemuel_doored_altar, uniq_jessica, uniq_iyjb
D:4:      led_xom_imps, first_bread
D:5:      minmay_misc_feat_x
D:6:      amethyst_overflow_temple_binary, kennysheep_generic_room_16,
          uniq_eustachio

Skill      XL: |  1  2  3  4  5  6  7 |
---------------+----------------------+-----
Long Blades    | 2 3 4 |  4.1
Shields        | 3 4 |  4.4
Dodging        | 1 |  1.3
Armour         | 3 |  3.1
Fighting       | 4 |  4.2
Short Blades   | 1 |  1.2

Action                   |  1- 3 |  4- 6 |  7- 9 || total
-------------------------+-------+-------+-------++-------
Melee: Long sword        |   202 |   370 |       ||   572
       Dagger            |       |    40 |    54 ||    94
  Use: Scroll            |     5 |     1 |       ||     6
 Stab: Paralysed         |       |     2 |     1 ||     3
       Invisible         |       |     1 |       ||     1
Armor: Scale mail        |    32 |       |       ||    32
       Chain mail        |   114 |   217 |    21 ||   352
Dodge: Dodged            |    51 |    97 |     6 ||   154
Block: Shield            |   119 |   230 |    16 ||   365
       Rpst.: Long sword |    17 |    15 |       ||    32
